 Dungeon Crawl Stone Soup version 0.22-a0-558-gc224181 (webtiles) character file.

424 JeffiDaFish the Magician (level 6, 0/32 HPs)
             Began as a Deep Elf Fire Elementalist on June 26, 2018.
             Killed by nerve-wracking pain
             ... invoked by Menkaure
              (10 damage)
             ... on level 4 of the Dungeon on June 28, 2018.
             The game lasted 00:09:05 (3694 turns).

JeffiDaFish the Magician (DEFE)                     Turns: 3694, Time: 00:09:06

Health: 0/32       AC:  6    Str:  3 (5)  XL:     6   Next: 64%
Magic:  10/16      EV: 14    Int: 20 (22) God:
Gold:   203        SH:  0    Dex: 13 (15) Spells: 3/16 levels left

rFire    . . .     SeeInvis +   b - +1 spear (flame)
rCold    . . .     Gourm    .   (no shield)
rNeg     . . .     Faith    .   a - +1 robe
rPois    .         Spirit   .   (no helmet)
rElec    .         Reflect  .   (no cloak)
rCorr    .         Harm     .   (no gloves)
MR       +....                  (no boots)
Stlth    ++........             (no amulet)
HPRegen  0.10/turn              e - ring of protection from magic
MPRegen  0.15/turn              h - +3 ring of protection

@: very slightly contaminated
A: see invisible, MP-powered wands
a: no special abilities


You were on level 4 of the Dungeon.
You were hungry.

You visited 1 branch of the dungeon, and saw 4 of its levels.

You collected 203 gold pieces.

Inventory:

Hand Weapons
 b - a +1 spear of flaming (weapon)
Armour
 a - a +1 robe (worn)
Jewellery
 e - a ring of protection from magic (left hand)
 h - a +3 ring of protection (right hand)
Scrolls
 d - 2 scrolls of teleportation
 g - 4 scrolls of identify
 i - 2 scrolls of fog
Potions
 f - a potion of might
Comestibles
 c - 8 rations
 j - 3 chunks of flesh


   Skills:
 - Level 0.3 Polearms
 + Level 3.9 Dodging
 - Level 2.8 Stealth
 * Level 5.7 Spellcasting
 + Level 2.9 Conjurations
 * Level 5.6 Fire Magic


You had 3 spell levels left.
You knew the following spells:

 Your Spells              Type           Power        Failure   Level  Hunger
a - Flame Tongue          Conj/Fire      ###..        1%          1    None
b - Conjure Flame         Conj/Fire      ###.....     5%          3    ##.....
c - Sticky Flame          Conj/Fire      ###.....     19%         4    ####...
d - Fireball              Conj/Fire      ###.......   45%         5    #####..

Your spell library contained the following spells:

 Spells                   Type           Power        Failure   Level  Hunger
 Throw Flame              Conj/Fire      ###...       2%          2    None
 Inner Flame              Hex/Fire       ###.....     10%         3    ##.....


Dungeon Overview and Level Annotations

Branches:
Dungeon (4/15)
 Temple: D:4-7

Altars:
Elyvilon
Yredelemnul

Annotations:
D:4 Menkaure


Innate Abilities, Weirdness & Mutations

You have supernaturally acute eyesight. (SInv)
You expend magic power (3 MP) to strengthen your wands.


Message History

Menkaure calls on the powers of darkness!
The adder convulses!
Your body is wracked with pain!
Menkaure blazes with dark energy!
Casting: Fireball (very dangerous; 45% risk of failure)
Confirm with . or Enter, or press ? or * to list all spells.
Aiming: Flame Tongue (safe; 1% risk of failure)
Press: ? - help, Shift-Dir - straight line, f - adder, p - Menkaure
Aim: an adder (severely wounded)
The flame tongue hits the adder.
You kill the adder!
Casting: Flame Tongue (safe; 1% risk of failure)
Confirm with . or Enter, or press ? or * to list all spells.
Aiming: Flame Tongue (safe; 1% risk of failure)
Press: ? - help, Shift-Dir - straight line, f - Menkaure
Aim: Menkaure The flame tongue hits Menkaure.
Menkaure is burned terribly!
Menkaure is severely damaged.
Menkaure points at you and mumbles some strange words.
Pain shoots through your body!
You die...

............# #...
...........# ####
#.........## ### #
#........% #.# #
#M.#.##.##.# #.# #
#[.........# #.####
#....##!### #..... ##.†..#
#.#### #+#..@#.# ###.# ##
#.....#.### #..####.
##.........^###..##...
#.##.###........##.#. #.##.#
#.#.####.##.#. .
##.##.###.#...........
...####..##...............##
#......###.#.#.######.####
#.###.)###........)...#


You could see Menkaure.

Vanquished Creatures
  Sigmund (D:3)
  An orc priest (D:4)
  2 orc wizards
  A worker ant (D:4)
  4 gnolls (D:3)
  5 adders
  3 worms
  3 dart slugs
  2 leopard geckos
  10 orcs
  6 goblins
  8 hobgoblins
  2 quokkas
  A ball python (D:1)
  A bat (D:1)
  4 frilled lizards
  5 kobolds
  10 rats
69 creatures vanquished.

Notes
Turn   | Place    | Note
-------+----------+-------------------------------------------
     0 | D:1      | JeffiDaFish the Deep Elf Fire Elementalist began the quest for the Orb.
     0 | D:1      | Reached XP level 1. HP: 10/10 MP: 6/6
   352 | D:1      | Reached XP level 2. HP: 7/15 MP: 6/8
   874 | D:1      | Gained mutation: You expend magic power (3 MP) to strengthen your wands. [potion of mutation]
   874 | D:1      | Gained mutation: You have supernaturally acute eyesight. (SInv) [potion of mutation]
  1019 | D:2      | Reached XP level 3. HP: 18/19 MP: 9/9
  1090 | D:2      | Learned a level 3 spell: Conjure Flame
  1546 | D:2      | Found a basalt altar of Yredelemnul.
  1662 | D:2      | Found a white marble altar of Elyvilon.
  1987 | D:3      | Reached XP level 4. HP: 13/24 MP: 2/12
  2138 | D:2      | Learned a level 4 spell: Sticky Flame
  2505 | D:3      | Reached XP level 5. HP: 22/28 MP: 4/13
  2679 | D:3      | Noticed Sigmund
  2698 | D:3      | Killed Sigmund
  2698 | D:3      | Reached skill level 5 in Spellcasting
  2698 | D:3      | Reached skill level 5 in Fire Magic
  2698 | D:3      | Reached XP level 6. HP: 13/32 MP: 0/15
  3657 | D:4      | Learned a level 5 spell: Fireball
  3683 | D:4      | Noticed Menkaure
  3694 | D:4      | Killed from afar by Menkaure

Vault maps used:
D:1:      zaba_arrival_water
D:2:      kennysheep_ying_yang, first_ration
D:3:      uniq_sigmund
D:4:      lemuel_upstairs_altar, serial_shops, shop, grunt_ministairs_13,
          minmay_joined_circles, uniq_menkaure, uniq_natasha

Skill      XL: |  1  2  3  4  5 |
---------------+----------------+-----
Fire Magic     | 4 5 |  5.6
Spellcasting   | 4 5 |  5.7
Dodging        | 3 |  3.9
Conjurations   | 2 |  2.9
Polearms       | |  0.3
Stealth        | |  2.8

Action                   |  1- 3 |  4- 6 || total
-------------------------+-------+-------++-------
Melee: Spear             |    56 |    52 ||   108
 Cast: Flame Tongue      |    37 |    38 ||    75
       Sticky Flame      |       |     9 ||     9
       Conjure Flame     |       |     2 ||     2
  Use: Scroll            |     7 |       ||     7
       Potion            |     3 |     2 ||     5
 Stab: Sleeping          |     6 |     3 ||     9
  Eat: Chunk             |     3 |     7 ||    10
Armor: Robe              |     5 |     7 ||    12
Dodge: Dodged            |    27 |    43 ||    70

Table legend:
 A = Spawn XP
 B = Non-spawn XP
 C = Spawn XP percentage of total XP
 D = Spawn monster count
 E = Non-spawn monster count
 F = Spawn count percentage of total count
 G = Total turns spent on level
                    A         B        C        D         E        F      G
               +---------+---------+-------+---------+---------+-------+---------
         Total |       0 |     606 |   0.0 |       0 |      69 |   0.0 |  3694
               +---------+---------+-------+---------+---------+-------+---------
           D:1 |       0 |      36 |   0.0 |       0 |      20 |   0.0 |  1010
           D:2 |       0 |      38 |   0.0 |       0 |      15 |   0.0 |  1093
           D:3 |       0 |     382 |   0.0 |       0 |      22 |   0.0 |  1094
           D:4 |       0 |     150 |   0.0 |       0 |      12 |   0.0 |   497
               +---------+---------+-------+---------+---------+-------+---------
